 Dungeon Crawl Stone Soup version 0.18-a0-1014-g3bbf375 (webtiles) character file.

22688 Duffy the Cruncher (level 12, -22/106 HPs)
             Began as a Centaur Gladiator on Jan 6, 2016.
             Was a High Priest of Cheibriados.
             Annihilated by Rupert
             ... wielding a +2 battleaxe of flaming
              (35 damage)
             ... on level 4 of the Lair of Beasts.
             The game lasted 00:22:33 (14729 turns).

Duffy the Cruncher (Centaur Gladiator)             Turns: 14729, Time: 00:22:33

Health: -22/106    AC: 11    Str: 34    XL:     12   Next: 65%
Magic:  8/18       EV: 14    Int: 23    God:    Cheibriados [*****.]
Gold:   466        SH:  0    Dex: 29    Spells: 0 memorised, 11 levels left

rFire  . . .     SeeInvis .     a - +6 lajatang
rCold  . . .     Gourm    .     E - +0 chain mail
rNeg   . . .     Faith    .     (shield currently unavailable)
rPois  .         Spirit   .     P - +2 hat
rElec  .         Dismiss  .     r - +0 cloak
rCorr  .         Reflect  .     w - +0 pair of gloves
SustAt +         Harm     .     (no barding)
MR     .....                    F - amulet of regeneration
Stlth  ..........               (no ring)
                                N - ring "Gauste" {SustAt Str+3 Dex+4}

@: very slow, not resistant to hostile enchantments, extremely unstealthy
A: hooves 3, deformed body, speed 2, tough skin 3
a: Bend Time, Temporal Distortion, Slouch, Step From Time, Renounce Religion


You were on level 4 of the Lair of Beasts.
You worshipped Cheibriados.
Cheibriados was extremely pleased with you.
You were not hungry.

You visited 3 branches of the dungeon, and saw 15 of its levels.

You collected 770 gold pieces.
You spent 304 gold pieces at shops.


Innate Abilities, Weirdness & Mutations

You have hooves in place of feet.
Armour fits poorly on your strangely shaped body.
You cover ground very quickly.
You have extremely tough skin (AC +3).


   Skills:
 - Level 10.0 Fighting
 + Level 13.5 Staves
 - Level 2.2 Throwing
 - Level 7.8 Dodging
 - Level 8.0 Invocations


You had 11 spell levels left.
You didn't know any spells.

Inventory:

Hand Weapons
 a - a +6 lajatang (weapon)
 K - a +0 quarterstaff
 T - a +0 blowgun
 X - a +1 scimitar of flaming
Missiles
 d - 5 throwing nets
 e - 109 poisoned needles
 i - 231 arrows
 m - 4 curare-tipped needles
 x - 16 arrows of dispersal
 y - 21 tomahawks
 B - 5 poisoned tomahawks (quivered)
Armour
 o - a +2 robe of cold resistance
 r - a +0 cloak (worn)
 w - a +0 pair of gloves (worn)
 E - a +0 chain mail (worn)
 P - a +2 hat (worn)
Jewellery
 j - an uncursed ring of fire
 F - an amulet of regeneration (around neck)
 N - the ring "Gauste" (left hand) {SustAt Str+3 Dex+4}

   [ring of sustain attributes]

   It sustains your strength, intelligence and dexterity.
   It affects your strength (+3).
   It affects your dexterity (+4).
Wands
 Y - a wand of lightning (6/15)
 Z - a wand of confusion (14/48)
Scrolls
 k - 5 scrolls of recharging
 n - 3 scrolls of remove curse
 s - 2 scrolls of magic mapping
 t - a scroll of noise {unknown}
 u - 4 scrolls of blinking
 z - a scroll of teleportation
 G - a scroll of holy word
 I - a scroll of fog {unknown}
 L - a scroll of fear {unknown}
 R - a scroll of brand weapon {unknown}
 V - a scroll of immolation
 W - a scroll of enchant armour {unknown}
Potions
 h - 7 potions of curing
 p - 5 potions of agility
 q - 2 potions of magic
 v - a potion of heal wounds
 A - 2 potions of might
 C - 3 potions of ambrosia
 D - 3 potions of flight
 J - 2 potions of lignification {unknown}
 Q - 3 potions of berserk rage
 S - 2 potions of brilliance {unknown}
Miscellaneous
 c - a sack of spiders
Comestibles
 f - 11 bread rations
 g - 12 meat rations
 l - 10 fruits
 H - 5 beef jerkies
 M - a royal jelly

Dungeon Overview and Level Annotations

Branches:
Dungeon (10/15)            Temple (1/1) D:4            Lair (4/8) D:9
  Swamp (0/4) Lair:3          Orc (0/2) D:10
  Snake: Lair:3-6    Spider: Lair:3-6

Altars:
Ashenzari
Cheibriados
Dithmenos
Elyvilon
Fedhas
Gozag
Kikubaaqudgha
Makhleb
Nemelex Xobeh
Okawaru
Pakellas
Qazlal
Ru
Sif Muna
Trog
Vehumet
Xom
Yredelemnul
Zin
The Shining One

Shops:
D:6 *

Annotations:
Lair:4 Rupert


Message History

Rupert barely misses you. The sheep bites you. Rupert barely misses you.
The teleport trap disappears.
The iguana disappears!
The sheep closely misses you. The sheep misses you. The sheep misses you.
Rupert hits you with a battleaxe of flaming!!
Rupert burns you! The sheep bites you.
You barely miss Rupert. Your kick misses Rupert. The sheep misses you.
The sheep misses you. Rupert hits you but does no damage.
The sheep closely misses you. The sheep barely misses you.
You closely miss Rupert. You kick Rupert.
Rupert is lightly wounded.
The sheep barely misses you.
Rupert hits you with a battleaxe of flaming!!
Rupert burns you! The sheep misses you.
You can feel time thicken for a moment.
You kill the sheep!
Cheibriados appreciates the change of pace.
You kill the sheep!
Cheibriados appreciates the change of pace.
You kill the sheep!
Cheibriados appreciates the change of pace.
You kill the sheep!
Cheibriados appreciates the change of pace.
You kill the sheep!
Cheibriados thoroughly appreciates the change of pace.
You kill the sheep!
Cheibriados appreciates the change of pace.
You feel somewhat more hungry.
Cheibriados lowers the support of your attributes as your movement quickens.
Rupert hits you with a battleaxe of flaming!!
Rupert burns you.
You can feel time thicken for a moment.
You feel somewhat more hungry.
Cheibriados lowers the support of your attributes as your movement quickens.
Rupert hits you with a battleaxe of flaming!!
You die...

#..#.........
..#...#....... .
................
...........P#...
.............P....
..................
..................
.(...###%@@.....P.
......#...........
.......#........... ..
#..#........P......
..##..###.............
...#..##....#.........
. ....................
........%............
#.#.#..............


You could see Rupert (berserk).

Action                   |  1- 3 |  4- 6 |  7- 9 | 10-12 || total
-------------------------+-------+-------+-------+-------++-------
Melee: Quarterstaff      |   112 |   264 |   141 |       ||   517
       Lajatang          |       |       |   135 |   571 ||   706
       Scimitar          |       |       |       |     6 ||     6
Throw: Tomahawk          |       |    11 |     3 |       ||    14
Invok: Slouch            |       |       |       |     2 ||     2
Evoke: Wand              |       |       |     7 |    13 ||    20
  Use: Potion            |       |     1 |       |     1 ||     2
       Scroll            |       |     8 |     8 |    10 ||    26
 Stab: Confused          |       |       |       |     2 ||     2
  Eat: Chunk             |     1 |     9 |     9 |    12 ||    31

Notes
Turn   | Place    | Note
--------------------------------------------------------------
     0 | D:1      | Duffy the Centaur Gladiator began the quest for the Orb.
     0 | D:1      | Reached XP level 1. HP: 17/17 MP: 1/1
   220 | D:1      | Reached skill level 3 in Staves
   343 | D:1      | Reached XP level 2. HP: 21/24 MP: 2/2
  1014 | D:2      | Reached XP level 3. HP: 27/29 MP: 3/3
  1083 | D:2      | Reached skill level 4 in Staves
  1376 | D:2      | Found a faded altar to an unknown god.
  1443 | D:2      | Reached XP level 4. HP: 36/36 MP: 4/4
  1604 | D:2      | Found a radiant altar of Vehumet.
  2456 | D:3      | Reached skill level 5 in Staves
  2641 | D:4      | Found a staircase to the Ecumenical Temple.
  2644 | D:4      | Reached XP level 5. HP: 41/41 MP: 5/5
  3395 | D:3      | Reached skill level 6 in Staves
  3476 | D:3      | Reached XP level 6. HP: 21/48 MP: 6/6
  3579 | Temple   | Entered the Ecumenical Temple
  3791 | Temple   | Became a worshipper of Cheibriados the Contemplative
  4067 | D:3      | Reached skill level 7 in Staves
  4495 | D:5      | Entered Level 5 of the Dungeon
  4499 | D:5      | Noticed a sky beast
  4510 | D:5      | Killed a sky beast
  4510 | D:5      | Reached XP level 7. HP: 45/55 MP: 7/7
  4742 | D:5      | Reached skill level 8 in Staves
  5233 | D:6      | Reached XP level 8. HP: 55/62 MP: 8/8
  5320 | D:6      | Reached skill level 3 in Fighting
  5335 | D:6      | Reached skill level 3 in Dodging
  5486 | D:6      | Found Ujittid's Assorted Antiques.
  5514 | D:6      | Bought a lajatang for 270 gold pieces
  5514 | D:6      | Bought a scroll labeled AQAEMYNITE for 18 gold pieces
  5514 | D:6      | Bought a lumpy emerald potion for 16 gold pieces
  5645 | D:6      | Reached skill level 4 in Fighting
  5798 | D:6      | Found a shadowy altar of Dithmenos.
  6050 | D:6      | Reached skill level 9 in Staves
  6245 | D:7      | Reached * piety under Cheibriados
  6245 | D:7      | Reached skill level 4 in Dodging
  6288 | D:7      | Reached skill level 5 in Fighting
  6288 | D:7      | Reached XP level 9. HP: 66/74 MP: 9/9
  6382 | D:7      | Found a burning altar of Makhleb.
  6667 | D:7      | You fall through a shaft!
  6684 | D:8      | Reached ** piety under Cheibriados
  6735 | D:8      | Reached skill level 6 in Fighting
  6836 | D:8      | Noticed Gastronok
  6866 | D:8      | Killed Gastronok
  6866 | D:8      | Reached skill level 7 in Fighting
  6866 | D:8      | Reached skill level 10 in Staves
  6866 | D:8      | Reached skill level 5 in Dodging
  6866 | D:8      | Reached XP level 10. HP: 39/86 MP: 10/10
  7217 | D:7      | Found a deep blue altar of Sif Muna.
  7397 | D:7      | Found an opulent altar of Gozag.
  7398 | D:7      | Found a sparkling altar of Nemelex Xobeh.
  7645 | D:8      | Reached skill level 6 in Dodging
  7700 | D:8      | Reached *** piety under Cheibriados
  8118 | D:8      | Found a stormy altar of Qazlal.
  8402 | D:9      | Found a staircase to the Lair.
  8614 | D:9      | Reached skill level 8 in Fighting
  8705 | D:9      | Reached skill level 11 in Staves
  8873 | D:10     | Entered Level 10 of the Dungeon
  8873 | D:10     | Noticed a hill giant
  8879 | D:10     | Noticed a gargoyle
  8881 | D:10     | Killed a hill giant
  8886 | D:10     | Killed a gargoyle
  8953 | D:9      | Reached **** piety under Cheibriados
  9172 | D:10     | Reached XP level 11. HP: 88/95 MP: 11/11
  9426 | D:10     | Found a staircase to the Orcish Mines.
  9460 | D:10     | Reached skill level 9 in Fighting
  9460 | D:10     | Reached skill level 7 in Dodging
  9965 | D:9      | Noticed Erica
  9967 | D:9      | Found a bloodstained altar of Trog.
  9977 | D:9      | Killed Erica
 10159 | D:9      | Reached ***** piety under Cheibriados
 10922 | Lair:1   | Entered Level 1 of the Lair of Beasts
 11123 | Lair:1   | Noticed Harold
 11139 | Lair:1   | Killed Harold
 11218 | Lair:1   | Reached skill level 10 in Fighting
 11241 | Lair:1   | Reached skill level 1 in Invocations
 11576 | Lair:1   | Reached skill level 12 in Staves
 11576 | Lair:1   | Reached skill level 2 in Invocations
 11708 | Lair:1   | Reached skill level 3 in Invocations
 12251 | Lair:2   | Reached skill level 4 in Invocations
 12403 | Lair:2   | Reached XP level 12. HP: 79/106 MP: 15/15
 12524 | Lair:2   | Reached skill level 5 in Invocations
 12769 | Lair:2   | Noticed Fannar
 12779 | Lair:2   | Killed Fannar
 12961 | Lair:2   | Noticed an eight-headed hydra
 12969 | Lair:2   | Killed a two-headed hydra
 13206 | Lair:2   | Reached skill level 6 in Invocations
 13482 | Lair:3   | Got a faintly glowing wooden ring
 13483 | Lair:3   | Identified the ring "Gauste" {SustAt Str+3 Dex+4} (You found it on level 3 of the Lair of Beasts)
 13563 | Lair:3   | Reached ****** piety under Cheibriados
 13816 | Lair:3   | Reached skill level 13 in Staves
 13832 | Lair:3   | Noticed Maud
 13852 | Lair:3   | Killed Maud
 13852 | Lair:3   | Reached skill level 7 in Invocations
 14028 | Lair:3   | Found a staircase to the Swamp.
 14126 | Lair:3   | Noticed Nergalle
 14149 | Lair:3   | Killed Nergalle
 14398 | Lair:3   | Reached skill level 8 in Invocations
 14712 | Lair:4   | Noticed Rupert
 14713 | Lair:4   | Paralysed by Rupert for 5 turns
 14729 | Lair:4   | Annihilated by Rupert

Vault maps used:
D:1:      dpeg_arrival_snail
D:2:      minmay_kobold_bridge, nicolae_overflow_hidden_temple,
          ecumenical_altar_1, kennysheep_generic_room_13
D:4:      temple_green, due_unseen_surprise
D:5:      first_bread
D:6:      marbit_many_paths, serial_shops, nicolae_shop_window_shopping
D:7:      grunt_temple_overflow_opulence, kennysheep_mini_moat,
          nicolae_overflow_crystal_walls, the_bakery
D:8:      kennysheep_mini, uniq_gastronok
D:9:      lemuel_doored_altar, minmay_lair_entry_lava, serial_ice, serial_ice_k,
          serial_ice_e, serial_ice_f, serial_ice_m, kennysheep_crisscross,
          uniq_erica
D:10:     orc_0_dummy, serial_glass, glass_columns_a, glass_columns_a,
          glass_columns_b, glass_columns_a
Temple:   oiseaux_autumnal_temple_12
Lair:1:   grunt_megastairs_3, uniq_harold
Lair:2:   statuecave_lemuel, grunt_megastairs_5, uniq_fannar
Lair:3:   swamp_mist, beast_lair_carwin_6, uniq_nergalle, uniq_maud
Lair:4:   spider_nest_entry_web_field, uniq_rupert

Vanquished Creatures
  Gastronok Maud Harold Fannar
  A hydra Erica Nergalle
  A hill giant
  A black mamba
  5 spiny frogs
  A gargoyle
  3 komodo dragons
  2 fire drakes
  3 polar bears
  2 trolls
  3 blink frogs
  A spriggan
  7 yaks
  A wyvern
  A basilisk
  5 wolves
  5 hippogriffs
  A hungry ghost
  18 porcupines
  7 water moccasins
  5 ice beasts
  A trapdoor spider simulacrum
  5 orc warriors
  3 sky beasts
  A wasp
  A black bear
  An ogre
  A necrophage
  4 centaurs
  An eye of draining
  3 crocodiles
  3 big kobolds
  10 giant frogs
  3 scorpions
  3 killer bees
  3 electric eels
  6 wights
  6 crimson imps
  3 quasits
  3 centaur zombies
  5 hounds
  5 jellies
  7 iguanas
  10 orc priests
  A giant frog skeleton
  10 orc wizards
  7 worker ants
  A killer bee zombie
  6 sheep
  A hound zombie
  A hound skeleton
  A worker ant zombie
  3 gnolls
  8 adders
  16 river rats
  5 shadow imps
  2 white imps
  An ufetubus
  An ooze
  2 adder skeletons
  3 worms
  An adder simulacrum
  6 giant geckos
  36 orcs
  6 giant cockroaches
  11 goblins
  8 hobgoblins
  10 jackals
  28 kobolds
  5 quokkas
  2 ball pythons
  7 bats
  5 giant newts
  A jackal skeleton
  A jackal zombie
  10 rats
373 creatures vanquished.
